 Dungeon Crawl Stone Soup version bcrawl-1.32 (webtiles) character file.

Game seed: 2621542876538601456

572707 Quickbrownfox the Executioner (level 16, -13/155 HPs)
             Began as a Minotaur Archaeologist on July 15, 2021.
             Was a High Priest of the Shining One.
             Mangled by Quickbrownfox's illusion (illusionary) (36 damage)
             ... woven by Mara
             ... on level 3 of the Swamp.
             The game lasted 01:02:53 (25234 turns).

Quickbrownfox the Executioner (MiAc)               Turns: 25234, Time: 01:02:54

Health: -13/155    AC: 23    Str: 26    XL:     16   Next: 75%
Magic:  14/14      EV: 24    Int: 11    God:    the Shining One [*****.]
Gold:   1658       SH:  6    Dex: 19    Spells: 15/15 levels left

rFire    x . .     SeeInvis .   S - +0 battleaxe (flame)
rCold    . . .     Gourm    .   (shield currently unavailable)
rNeg     + + +     Faith    .   t - +4 scale mail of Conscience {rF- rN+ MR+ Dex+5}
rPois    .         Spirit   .   d - +1 hat
rElec    .         Reflect  +   p - +0 cloak
rCorr    .         Harm     .   I - +2 pair of gloves {Str+3}
MR       +++..     Clarity  +   k - +2 pair of boots
Stlth    ++........             y - +6 amulet of reflection
HPRegen  0.35/turn              L - ring of protection from magic
MPRegen  0.14/turn              r - +4 ring of evasion

@: agile, grasped by roots, glowing, constricted
A: retaliatory headbutt, claws 1, horns 2, camouflage 1, clarity, low mp 1
a: Divine Shield, Cleansing Flame, Summon Divine Warrior, Renounce Religion


You were on level 3 of the Swamp.
You worshipped the Shining One.
The Shining One was extremely pleased with you.
You were hungry.

You visited 5 branches of the dungeon, and saw 23 of its levels.

You collected 2764 gold pieces.
You spent 1106 gold pieces at shops.

Inventory:

Hand Weapons
 K - the +8 war axe "Gahyeq Xiy" {freeze, +Fly rElec rPois Str-2}
   (You found it on level 7 of the Dungeon)

   It has been specially enchanted to freeze those struck by it, increasing
   damage dealt by approximately one third against foes not resistant or
   susceptible to cold, and potentially slowing cold-blooded foes.
   It affects your strength (-2).
   It insulates you from electricity.
   It protects you from poison.
   It lets you fly.
 R - the +5 war axe "Beinauma" {freeze, Dex+4}
   (You found it on level 9 of the Dungeon)

   It has been specially enchanted to freeze those struck by it, increasing
   damage dealt by approximately one third against foes not resistant or
   susceptible to cold, and potentially slowing cold-blooded foes.
   It affects your dexterity (+4).
 S - a +0 battleaxe of flaming (weapon)
 V - a +7 executioner's axe of electrocution
Missiles
 l - 172 poisoned needles
 H - 547 poisoned tomahawks (quivered)
 M - 2 throwing nets {=f}
Armour
 b - a +2 plate armour of magic resistance
 d - a +1 hat (worn)
 i - a scarf of resistance
 k - a +2 pair of boots (worn)
 p - a +0 cloak (worn)
 t - the +4 scale mail of Conscience (worn) {rF- rN+ MR+ Dex+5}
   (You found it on level 5 of the Dungeon)

   It affects your dexterity (+5).
   It makes you vulnerable to fire.
   It protects you from negative energy.
   It affects your resistance to hostile enchantments.
 x - +0 fire dragon scales
 I - a +2 pair of gloves of strength (worn)
 J - +2 acid dragon scales
Jewellery
 r - a +4 ring of evasion (right hand)
 y - a +6 amulet of reflection (around neck)
 L - a ring of protection from magic (left hand)
Wands
 f - a wand of digging (14)
 O - a wand of flame (19)
 Q - a wand of paralysis (30)
 T - a wand of scattershot (4)
 U - a wand of acid (2)
Scrolls
 a - a scroll of fear
 g - 5 scrolls of magic mapping
 s - 7 scrolls of remove curse
 v - 2 scrolls of vulnerability
 w - 8 scrolls of teleportation
 z - 4 scrolls of enchant armour
 A - 4 scrolls of immolation
 E - a scroll of silence
 N - 3 scrolls of fog
Potions
 h - 2 potions of ambrosia
 j - 2 potions of lignification
 m - a potion of agility
 n - 2 potions of cancellation
 o - 6 potions of curing
 q - a potion of experience {unknown}
 B - 7 potions of haste
 C - a potion of invisibility {unknown}
 F - a potion of mutation
 W - 6 potions of flight
 Y - 2 potions of degeneration {unknown}
Miscellaneous
 G - a phantom mirror
 P - a sack of spiders
Comestibles
 e - 44 rations {!d}


   Skills:
 + Level 17.1 Fighting
 + Level 23.1 Axes
   Level 2.4(16.0) Maces & Flails
 + Level 9.0 Throwing
 + Level 13.4 Armour
 + Level 10.2 Dodging
 + Level 5.6 Stealth
 + Level 0.7 Invocations
 + Level 2.2 Evocations


You had 15 spell levels left.
You didn't know any spells.
Your spell library contained the following spells:

 Spells                   Type           Power        Failure   Level  Hunger
 Animate Skeleton         Necr           N/A          54%         1    None
 Apportation              Tloc           #.....       54%         1    None
 Blink Other              Tloc           #.....       54%         1    None
 Infusion                 Chrm           #.......     54%         1    None
 Magic Dart               Conj           #...         54%         1    None
 Sandblast                Erth           #.....       54%         1    None
 Shock                    Conj/Air       #....        54%         1    None
 Slow                     Hex            #.......     54%         1    None
 Summon Butterflies       Summ           #.......     54%         1    None
 Summon Small Mammal      Summ           #...         54%         1    None
 Blink                    Tloc           N/A          69%         2    ####...
 Call Imp                 Summ           #.....       69%         2    ####...
 Corpse Rot               Necr           N/A          69%         2    ####...
 Ensorcelled Hibernation  Hex/Ice        #.....       69%         2    ####...
 Passwall                 Tmut/Erth      #.......     69%         2    ####...
 Searing Ray              Conj           #.......     69%         2    ####...
 Swiftness                Chrm/Air       #.......     69%         2    ####...
 Call Canine Familiar     Summ           #.......     89%         3    #####..
 Iskenderun's Mystic Bla  Conj           #.......     89%         3    #####..
 Portal Projectile        Tloc           #.....       89%         3    #####..
 Static Discharge         Air            #.......     89%         3    #####..
 Teleport Other           Tloc           #.......     89%         3    #####..
 Airstrike                Air            #.........   100%        4    ######.
 Animate Dead             Necr           N/A          100%        4    ######.
 Fulminant Prism          Conj/Hex       #.........   100%        4    ######.
 Summon Ice Beast         Ice/Summ       #.......     100%        4    ######.
 Bolt of Magma            Conj/Fire/Erth #.........   100%        5    #######
 Irradiate                Conj/Tmut      #.........   100%        5    #######
 Lightning Bolt           Conj/Air       #.........   100%        5    #######
 Passage of Golubria      Tloc           N/A          100%        5    #######
 Summon Lightning Spire   Summ/Air       #.......     100%        5    #######
 Borgnjor's Vile Clutch   Necr/Erth      #.........   100%        6    #######
 Darkness                 Hex            #.........   100%        6    #######
 Death Channel            Chrm/Necr      #.........   100%        6    #######
 Infestation              Hex/Tmut/Pois  #........    100%        6    #######
 Shadow Creatures         Summ           N/A          100%        6    #######
 Time Stop                Chrm/Tloc      N/A          100%        8    #######


Dungeon Overview and Level Annotations

Branches:
Dungeon (12/12)            Temple (1/1) D:4            Lair (6/6) D:9
  Swamp (3/3) Lair:4        Snake (0/3) Lair:2        Slime (0/5) Lair:6
    Orc (1/1) D:10            Elf (0/3) Orc          Vaults (0/3) D:12
 Depths (0/5) D:12

Altars:
Ashenzari
Cheibriados
Dithmenos
Elyvilon
Fedhas
Gozag
Hepliaklqana
Kikubaaqudgha
Makhleb
Nemelex Xobeh
Okawaru
Ru
Sif Muna
Trog
Uskayaw
Wu Jian
Xom
Yredelemnul
Zin
The Shining One
Jiyva

Shops:
D:6 (   D:11 [[[?   Orc !(*[

Annotations:
D:5 3 runed translucent doors, Morbidden's ghost, novice VSAc; yrara's ghost, novice DsFi
D:7 3 runed translucent doors, Anonimiaus's ghost, novice HuAc
Lair:2 exclusion: oklob plant
Lair:3 exclusion: ice statue
Lair:5 exclusion: oklob plant
Swamp:3 Mara; Roxanne


Innate Abilities, Weirdness & Mutations

You reflexively headbutt those who attack you in melee.
You have a pair of horns on your head.
You have sharp fingernails.
Your skin changes colour to match your surroundings (Stealth+).
You possess an exceptional clarity of mind.
Your magical capacity is low. (-10% MP)


Message History

Your headbutt misses Quickbrownfox's illusion.
Quickbrownfox's illusion is heavily wounded.
The grasping roots constrict you. Quickbrownfox's illusion hits you!!
Quickbrownfox's illusion burns you!
* * * LOW HITPOINT WARNING * * *
You feel agile all of a sudden.
* * * LOW HITPOINT WARNING * * *
The grasping roots constrict you.
Quickbrownfox's illusion hits you but does no damage.
Okay, then.
Attempting to read a scroll while constricted might waste it - continue anyway? [Y]es or [N]o only, please.
Attempting to read a scroll while constricted might waste it - continue anyway? [Y]es or [N]o only, please.
Attempting to read a scroll while constricted might waste it - continue anyway?
You're unable to finish using the scroll due to being constricted!
The dust glows dark rubric!
* * * LOW HITPOINT WARNING * * *
The grasping roots constrict you! Quickbrownfox's illusion hits you!!!
You die...

≈≈≈.♣♣ ♣♣♣♣ ♣.≈≈.♣
≈≈..≈♣ ♣.≈≈.♣ <....♣
♣♣§≈.♣♣ ≈..♣♣♣ ♣.≈.≈♣
♣.≈♣♣♣♣♣♣♣ ♣♣♣≈.≈♣♣
♣..[♣♣≈≈≈♣♣♣ ♣♣....♣♣
♣R≈§(.≈≈≈.≈♣ ♣♣§≈≈.♣♣
R≈§§§§≈...♣♣♣♣..≈.♣♣
≈≈≈≈@§÷.♣≈♣♣♣f.@@≈♣
≈≈≈§§≈..≈≈.≈.≈≈.≈≈♣♣
.≈≈.≈♣♣[≈≈≈♣≈≈≈.♣≈.♣♣♣♣
≈≈≈≈.♣♣.≈§..≈≈≈≈≈≈≈§.≈♣
≈≈≈..§♣♣...≈≈≈≈≈≈≈≈≈.♣♣
≈≈≈.≈≈≈♣♣§≈..≈≈≈..≈≈.§♣
....≈≈≈.♣≈≈♣†.†......♣♣
.♣♣..≈<♣♣♣♣♣≈♣♣≈♣♣≈.♣♣
♣♣♣♣♣♣♣♣ ♣♣♣♣♣♣♣♣♣♣


You could see a shambling mangrove and Quickbrownfox's illusion.

Vanquished Creatures
  Saint Roka (Orc)
  Gastronok (D:12)
  Rupert (Lair:4)
  Frances (Swamp:2)
  The ghost of yrara the Bludgeoner, an adept DsFi of Gozag (Swamp:1)
  A thorn hunter (Swamp:3)
  Aizul (Swamp:2)
  A dire elephant (D:12)
  Snorg (Lair:6)
  A fire dragon (Lair:6)
  Josephine (Lair:4)
  Fannar (Lair:2)
  Harold (D:8)
  25 hydras
  2 ghost crabs
  Erica (D:8)
  A catoblepas (Lair:6)
  An ice dragon (Lair:3)
  3 shambling mangroves
  14 two-headed ogres
  A centaur warrior (D:12)
  2 ogre magi (Orc)
  Psyche (D:8)
  9 alligators
  A great orb of eyes (D:12)
  A tengu warrior (D:12)
  3 death yaks (Lair:6)
  Sonja (Orc)
  2 deep trolls (Orc)
  A goliath frog (Lair:5)
  An unseen horror (D:12)
  A skeletal warrior (D:12)
  A death drake (Swamp:3)
  10 swamp dragons
  2 spriggan druids
  2 orc knights
  2 lindwurms (Lair:6)
  3 cyclopes
  2 deep elf magi
  2 ugly things
  A salamander (D:12)
  4 elephants
  4 manticores
  7 black mambas
  9 will-o'-wisps
  3 gargoyles
  18 cane toads
  9 yaktaurs (D:12)
  7 rime drakes
  8 komodo dragons
  2 kobold demonologists (D:12)
  7 tyrant leeches
  14 trolls
  A tengu conjurer (D:12)
  A queen bee (Lair:4)
  Grinder (D:6)
  18 hornets
  6 blink frogs (Lair:6)
  7 slime creatures
  5 polar bears
  5 bog bodies
  A harpy skeleton (D:12)
  6 hippogriffs
  Eustachio (D:6)
  21 yaks
  11 basilisks
  9 spriggans
  2 fire elementals (D:12)
  A human (D:10)
  3 wraiths (Lair:4)
  3 steam dragons
  Grum (Lair:1)
  4 vampire mosquitoes
  6 wargs (Orc)
  14 swamp worms
  4 nagas (Lair:2)
  An acid dragon (Lair:6)
  Duvessa (D:6)
  9 crocodiles
  A hell hound (D:12)
  10 porcupines
  6 water moccasins
  15 orc warriors
  14 swamp drakes
  6 ice beasts (Lair:3)
  A hornet zombie (D:7)
  4 phantoms
  A black bear (D:8)
  An eye of draining (D:11)
  14 wolves
  21 ogres
  3 necrophages (D:7)
  6 centaurs
  11 bullfrogs
  A big kobold (D:8)
  Dowan (D:6)
  6 scorpions
  39 killer bees
  A wight (D:7)
  A howler monkey (D:6)
  An electric eel (Lair:4)
  9 crimson imps
  A centaur zombie (D:6)
  A quasit (D:7)
  7 hounds
  A bullfrog skeleton (D:6)
  8 orc priests
  10 orc wizards
  7 centaur skeletons
  3 iguanas
  6 worker ants
  2 worker ant zombies
  A gnoll (D:4)
  10 adders
  2 shadow imps
  2 white imps (Lair:3)
  An ooze (D:1)
  An adder zombie (D:8)
  An adder skeleton (D:8)
  A worm (D:4)
  4 dart slugs
  A leopard gecko (D:1)
  58 orcs
  4 giant cockroaches
  4 goblins
  6 hobgoblins
  2 jackals (D:5)
  11 kobolds
  2 quokkas (D:6)
  4 bats
  5 frilled lizards (D:1)
  2 goblin skeletons (D:7)
  3 orc zombies (D:7)
  A quokka skeleton (D:3)
  8 rats
  5 briar patches (Swamp:3)
  4 fungi
  6 plants
711 creatures vanquished.

Vanquished Creatures (collateral kills)
  A will-o'-wisp (Swamp:2)
1 creature vanquished.

Vanquished Creatures (others)
  Azrael (D:12)
  A hornet (Swamp:2)
  A hell hound (D:12)
  2 centaurs
  An orc (Orc)
  7 fungi
  2 plants
15 creatures vanquished.

Grand Total: 727 creatures vanquished

Notes
Turn   | Place    | Note
-------+----------+-------------------------------------------
     0 | D:1      | Quickbrownfox the Minotaur Archaeologist began the quest
                  | for the Orb.
     0 | D:1      | Reached XP level 1. HP: 16/16 MP: 0/0
   221 | D:1      | Reached XP level 2. HP: 22/23 MP: 1/1
   764 | D:1      | Reached XP level 3. HP: 22/28 MP: 2/2
  1715 | D:2      | Reached skill level 1 in Axes
  2655 | D:2      | Reached XP level 4. HP: 35/35 MP: 3/3
  2933 | D:3      | Found a bloodstained altar of Trog.
  2940 | D:3      | Found a shimmering blue altar of Sif Muna.
  2947 | D:3      | Found a hide-covered altar of Uskayaw.
  2948 | D:3      | Found a burning altar of Makhleb.
  3060 | D:3      | Reached skill level 2 in Axes
  3566 | D:4      | Found a sacrificial altar of Ru.
  3576 | D:4      | Reached XP level 5. HP: 41/41 MP: 4/4
  3576 | D:4      | Identified a scroll of acquirement
  3622 | D:4      | Found a staircase to the Ecumenical Temple.
  3638 | D:4      | Reached skill level 3 in Axes
  3698 | Temple   | Entered the Ecumenical Temple
  3960 | Temple   | Became a worshipper of Warmaster Okawaru
  4013 | D:4      | Noticed a centaur
  4021 | D:4      | Killed a centaur
  4022 | D:4      | Reached skill level 4 in Axes
  4022 | D:4      | Reached skill level 1 in Armour
  4022 | D:4      | Reached XP level 6. HP: 47/48 MP: 5/5
  4248 | D:4      | Found a snail-covered altar of Cheibriados.
  4407 | D:4      | Reached * piety under Okawaru
  4408 | D:4      | Reached skill level 5 in Axes
  4665 | D:5      | Entered Level 5 of the Dungeon
  4719 | D:5      | Found a runed translucent gate.
  4719 | D:5      | Found a runed translucent gate.
  4720 | D:5      | Found a runed translucent gate.
  4721 | D:5      | Noticed Morbidden's ghost (novice VSAc)
  4721 | D:5      | Noticed yrara's ghost (novice DsFi)
  4893 | D:5      | Got a smelly scale mail
  5019 | D:5      | Reached skill level 6 in Axes
  5019 | D:5      | Reached XP level 7. HP: 42/57 MP: 6/6
  5730 | D:5      | Identified the +4 scale mail of Conscience {rF- rN+ MR+
                  | Dex+5} (You found it on level 5 of the Dungeon)
  5771 | D:6      | Reached skill level 7 in Axes
  5794 | D:6      | Noticed Grinder
  5797 | D:6      | Found Letweol's Weapon Emporium.
  5806 | D:6      | Killed Grinder
  5806 | D:6      | Reached ** piety under Okawaru
  5807 | D:6      | Reached skill level 8 in Axes
  5807 | D:6      | Reached XP level 8. HP: 52/66 MP: 7/7
  5809 | D:6      | Noticed a troll
  5838 | D:6      | HP: 2/66 [troll (11)]
  5840 | D:6      | Killed a troll
  5841 | D:6      | Reached skill level 9 in Axes
  5841 | D:6      | Reached skill level 5 in Armour
  6069 | D:6      | Noticed Eustachio
  6087 | D:6      | Killed Eustachio
  6088 | D:6      | Reached skill level 5 in Dodging
  6141 | D:6      | Reached *** piety under Okawaru
  6226 | D:6      | Reached skill level 10 in Axes
  6263 | D:6      | Noticed Dowan
  6264 | D:6      | Noticed Duvessa
  6271 | D:6      | Killed Dowan
  6272 | D:6      | Reached skill level 5 in Fighting
  6285 | D:6      | Killed Duvessa
  6286 | D:6      | Reached skill level 1 in Throwing
  6852 | D:6      | Noticed a two-headed ogre
  6868 | D:6      | Killed a two-headed ogre
  6868 | D:6      | Reached **** piety under Okawaru
  6869 | D:6      | Reached skill level 11 in Axes
  6869 | D:6      | Reached XP level 9. HP: 75/75 MP: 8/8
  6942 | D:7      | Found a runed translucent gate.
  6942 | D:7      | Found a runed translucent gate.
  6942 | D:7      | Found a runed translucent gate.
  7093 | D:7      | Got a transparent war axe
  7097 | D:7      | Identified the +8 war axe "Gahyeq Xiy" {freeze, +Fly rElec
                  | rPois Str-2} (You found it on level 7 of the Dungeon)
  7114 | D:7      | Found a glowing golden altar of the Shining One.
  7429 | D:7      | Noticed a troll
  7434 | D:7      | Reached skill level 12 in Axes
  7442 | D:7      | Killed a troll
  7554 | D:7      | Noticed Anonimiaus's ghost (novice HuAc)
  7736 | D:7      | Reached skill level 13 in Axes
  7799 | D:8      | Noticed a two-headed ogre
  7814 | D:8      | Killed a two-headed ogre
  7814 | D:8      | Reached ***** piety under Okawaru
  7815 | D:8      | Reached XP level 10. HP: 67/84 MP: 9/9
  7881 | D:8      | Noticed Psyche
  7890 | D:8      | Noticed a two-headed ogre
  7892 | D:8      | Noticed a two-headed ogre
  7897 | D:8      | Noticed a manticore
  8164 | D:8      | Killed Psyche
  8165 | D:8      | Reached skill level 14 in Axes
  8213 | D:8      | Noticed Harold
  8229 | D:8      | Killed Harold
  8229 | D:8      | Received a gift from Okawaru
  8376 | D:8      | Reached skill level 5 in Stealth
  8517 | D:8      | Found an opulent altar of Gozag.
  8531 | D:8      | Killed a manticore
  8531 | D:8      | Received a gift from Okawaru
  8627 | D:8      | Killed a two-headed ogre
  8866 | D:8      | Found a shadowy altar of Dithmenos.
  8993 | D:8      | Reached skill level 15 in Axes
  9117 | D:8      | Noticed Erica
  9136 | D:8      | Killed Erica
  9136 | D:8      | Reached ****** piety under Okawaru
  9137 | D:8      | Reached XP level 11. HP: 27/95 MP: 10/10
  9493 | D:9      | Noticed a cyan ugly thing
  9524 | D:9      | Noticed a two-headed ogre
  9547 | D:9      | Killed a two-headed ogre
  9548 | D:9      | Reached skill level 5 in Throwing
  9550 | D:9      | Killed a cyan ugly thing
  9702 | D:9      | Noticed a two-headed ogre
  9709 | D:9      | Killed a two-headed ogre
  9752 | D:9      | Got a scorched war axe
  9803 | D:9      | Reached skill level 10 in Armour
  9833 | D:9      | Found a staircase to the Lair.
  9888 | D:9      | Received a gift from Okawaru
  9893 | D:9      | Identified the +5 war axe "Beinauma" {freeze, Dex+4} (You
                  | found it on level 9 of the Dungeon)
 10055 | D:9      | Found a flagged portal.
 10384 | D:10     | Entered Level 10 of the Dungeon
 10720 | D:10     | Reached skill level 16 in Axes
 10749 | D:10     | Reached skill level 10 in Fighting
 10891 | D:10     | Found a staircase to the Orcish Mines.
 10968 | D:10     | Noticed a deep elf mage
 10971 | D:10     | Killed a deep elf mage
 10971 | D:10     | Received a gift from Okawaru
 10984 | D:10     | Reached XP level 12. HP: 93/106 MP: 11/11
 11395 | Lair:1   | Entered Level 1 of the Lair of Beasts
 11396 | Lair:1   | Noticed a five-headed hydra
 11424 | Lair:1   | Noticed a four-headed hydra
 11432 | Lair:1   | Killed a one-headed hydra
 11499 | Lair:1   | Noticed Grum
 11499 | Lair:1   | Noticed an eight-headed hydra
 11501 | Lair:1   | Noticed a six-headed hydra
 11505 | Lair:1   | Killed Grum
 11519 | Lair:1   | Killed a three-headed hydra
 11534 | Lair:1   | Killed a one-headed hydra
 11719 | Lair:1   | Found an ornate altar of the Wu Jian Council.
 12459 | Lair:2   | Received a gift from Okawaru
 12551 | Lair:2   | Noticed Fannar
 12560 | Lair:2   | HP: 5/162 [Fannar] (9)]
 12571 | Lair:2   | Killed Fannar
 12713 | Lair:2   | Noticed a seven-headed hydra
 12720 | Lair:2   | Killed a four-headed hydra
 12721 | Lair:2   | Reached skill level 17 in Axes
 12721 | Lair:2   | Reached skill level 1 in Evocations
 12866 | Lair:2   | Found a staircase to the Snake Pit.
 13124 | Lair:2   | Noticed an eight-headed hydra
 13131 | Lair:2   | Killed a six-headed hydra
 13322 | Lair:2   | Killed a two-headed hydra
 13615 | Lair:3   | Noticed a six-headed hydra
 13627 | Lair:3   | Killed a one-headed hydra
 13742 | Lair:3   | Received a gift from Okawaru
 13745 | Lair:3   | Got an opalescent robe {god gift}
 13772 | Lair:3   | Noticed an ice dragon
 13783 | Lair:3   | Killed an ice dragon
 13784 | Lair:3   | Reached XP level 13. HP: 38/116 MP: 13/13
 14450 | Lair:3   | Reached skill level 18 in Axes
 14670 | Lair:4   | Noticed Josephine
 14680 | Lair:4   | Killed Josephine
 14940 | Lair:4   | Noticed Rupert
 14970 | Lair:4   | Killed Rupert
 15424 | Lair:4   | Found a staircase to the Swamp.
 15432 | Lair:4   | Received a gift from Okawaru
 15765 | D:7      | Fell from the grace of Okawaru
 15765 | D:7      | Became a worshipper of the Shining One
 15933 | Lair:5   | Identified Sif Muna's Handbook of Necromancy and the Rocks
 15944 | Lair:5   | Found an ornate altar of the Wu Jian Council.
 15960 | Lair:5   | Reached skill level 19 in Axes
 16921 | Lair:6   | Entered Level 6 of the Lair of Beasts
 16921 | Lair:6   | Noticed Snorg
 16928 | Lair:6   | Killed Snorg
 16935 | Lair:6   | Reached * piety under the Shining One
 17133 | Lair:6   | Reached XP level 14. HP: 96/127 MP: 14/14
 17392 | Lair:6   | Found a viscous altar of Jiyva.
 17392 | Lair:6   | Found a staircase to the Slime Pits.
 17828 | Lair:6   | Reached skill level 20 in Axes
 19004 | D:11     | Found Gasos's Antique Armour Shoppe.
 19004 | D:11     | Found Waann's Antique Armour Shoppe.
 19009 | D:11     | Found Ippan's Magic Scroll Shoppe.
 19010 | D:11     | Found Zesoep's Armour Shoppe.
 19062 | D:11     | Bought a +2 pair of gloves of strength for 279 gold pieces
 19092 | D:11     | Bought an ichor-stained chain mail for 323 gold pieces
 19102 | D:11     | Identified the +5 chain mail "Liuxtas" {-Tele Int-5 Dex+6
                  | Stlth+} (You bought it in a shop on level 11 of the
                  | Dungeon)
 19126 | D:11     | Reached ** piety under the Shining One
 19543 | D:12     | Entered Level 12 of the Dungeon
 19675 | D:12     | Noticed Azrael
 19687 | D:12     | Killed Azrael
 19787 | D:12     | Reached *** piety under the Shining One
 20153 | D:12     | Found a gate to the Vaults.
 20221 | D:12     | Reached XP level 15. HP: 124/139 MP: 1/15
 20279 | D:12     | Found a staircase to the Depths.
 20336 | D:12     | Noticed Gastronok
 20347 | D:12     | Killed Gastronok
 20348 | D:12     | Reached skill level 15 in Fighting
 20348 | D:12     | Reached skill level 21 in Axes
 20469 | Orc      | Entered the Orcish Mines
 20469 | Orc      | Found a staircase to the Elven Halls.
 20535 | Orc      | Noticed Sonja
 20560 | Orc      | Killed Sonja
 20765 | Orc      | Noticed Saint Roka
 20765 | Orc      | Reached **** piety under the Shining One
 20791 | Orc      | Killed Saint Roka
 21085 | Orc      | Found Semoxt's General Store.
 21296 | Orc      | Found Edonif's Distillery.
 21301 | Orc      | Found Qoqaut's Antique Armour Emporium.
 21302 | Orc      | Found Jozouco's Weapon Emporium.
 21609 | Orc      | Bought a potion of haste for 140 gold pieces
 21609 | Orc      | Bought a potion of heal wounds for 70 gold pieces
 21609 | Orc      | Bought a potion of mutation for 112 gold pieces
 21609 | Orc      | Bought a potion of heal wounds for 70 gold pieces
 21609 | Orc      | Bought a potion of agility for 56 gold pieces
 21609 | Orc      | Bought a potion of agility for 56 gold pieces
 21609 | Orc      | Gained mutation: Your muscles are strong. (Str +2) [potion
                  | of mutation]
 21609 | Orc      | Gained mutation: You have a pair of large horns on your
                  | head. [potion of mutation]
 21610 | Orc      | Lost mutation: Your muscles are strong. (Str +2) [potion of
                  | mutation]
 21610 | Orc      | Lost mutation: You have a pair of large horns on your head.
                  | [potion of mutation]
 21610 | Orc      | Gained mutation: You are weak. (Str -2) [potion of
                  | mutation]
 21610 | Orc      | Gained mutation: Your mind is acute. (Int +2) [potion of
                  | mutation]
 21610 | Orc      | Gained mutation: You have sharp fingernails. [potion of
                  | mutation]
 21611 | Orc      | Lost mutation: You are weak. (Str -2) [potion of mutation]
 21611 | Orc      | Lost mutation: Your mind is acute. (Int +2) [potion of
                  | mutation]
 21611 | Orc      | Gained mutation: You possess an exceptional clarity of
                  | mind. [potion of mutation]
 21611 | Orc      | Gained mutation: Your magical capacity is low. (-10% MP)
                  | [potion of mutation]
 21611 | Orc      | Gained mutation: Your skin changes colour to match your
                  | surroundings (Stealth+). [potion of mutation]
 21826 | Swamp:1  | Entered Level 1 of the Swamp
 21844 | Swamp:1  | Reached skill level 22 in Axes
 22338 | Swamp:1  | Reached ***** piety under the Shining One
 22390 | Swamp:1  | Found a runed translucent gate.
 22391 | Swamp:1  | Found a runed translucent gate.
 22391 | Swamp:1  | Noticed yrara's ghost (adept DsFi)
 22393 | Swamp:1  | Found a runed translucent gate.
 22732 | Swamp:1  | Killed yrara's ghost
 22733 | Swamp:1  | Reached XP level 16. HP: 90/151 MP: 14/14
 23103 | Swamp:2  | Noticed Frances
 23115 | Swamp:2  | Killed Frances
 23244 | Swamp:2  | Noticed Aizul
 23261 | Swamp:2  | Killed Aizul
 23797 | Swamp:3  | Entered Level 3 of the Swamp
 23797 | Swamp:3  | Noticed Roxanne
 23822 | Swamp:3  | Reached skill level 10 in Dodging
 23827 | Swamp:3  | Received a gift from the Shining One
 24583 | Swamp:3  | Noticed a thorn hunter
 24592 | Swamp:3  | Killed a thorn hunter
 24593 | Swamp:3  | Reached skill level 23 in Axes
 24626 | Swamp:3  | Noticed Mara
 25213 | Swamp:3  | Noticed Quickbrownfox's illusion
 25234 | Swamp:3  | Mangled by Quickbrownfox's illusion (illusionary)

Skill      XL: |  1  2  3  4  5  6  7  8  9 10 11 12 13 14 15 16 |
---------------+-------------------------------------------------+-----
Stealth        | 3 4 5 |  5.6
Axes           | 1 2 4 6 8 11 13 15 16 17 19 20 22 23 | 23.1
Maces & Flails | 2 |  2.4
Dodging        | 4 6 7 8 9 10 | 10.2
Fighting       | 2 3 5 6 8 10 11 12 14 16 17 | 17.1
Armour         | 1 2 4 7 8 9 10 11 12 13 | 13.4
Throwing       | 2 3 4 6 7 8 9 |  9.0
Evocations     | 2 |  2.2
Invocations    | |  0.7

Action                   |  1- 3 |  4- 6 |  7- 9 | 10-12 | 13-15 | 16-18 || total
-------------------------+-------+-------+-------+-------+-------+-------++-------
Melee: Whip              |    48 |       |       |       |       |       ||    48
       Hand axe          |    34 |   102 |   140 |       |       |       ||   276
       Headbutt          |     7 |    12 |    45 |    69 |   132 |    44 ||   309
       War axe           |       |       |    49 |   217 |       |   134 ||   400
       Executioner's axe |       |       |       |   108 |   429 |    39 ||   576
       Battleaxe         |       |       |       |    41 |   211 |    27 ||   279
 Fire: Blowgun           |       |       |     3 |     4 |       |       ||     7
Throw: Tomahawk          |       |       |    18 |    98 |    47 |    42 ||   205
Invok: Heroism           |       |       |       |       |     1 |       ||     1
       Divine Shield     |       |       |       |       |     2 |     1 ||     3
Evoke: Wand              |       |       |       |     8 |     2 |     7 ||    17
       Sack of spiders   |       |       |       |       |       |     1 ||     1
  Use: Scroll            |       |    10 |     5 |    14 |     6 |     4 ||    39
       Potion            |       |     1 |     5 |     9 |    13 |     5 ||    33
 Stab: Sleeping          |     4 |     4 |     2 |     1 |     1 |       ||    12
       Fleeing           |       |     1 |       |       |       |       ||     1
       Distracted        |       |       |       |     1 |       |       ||     1
  Eat: Chunk             |     5 |    10 |     8 |    26 |    43 |     5 ||    97
       Ration            |       |       |     2 |     1 |       |     2 ||     5
Armor: Robe              |    22 |     2 |       |       |       |       ||    24
       Ring mail         |       |    22 |     5 |       |       |       ||    27
       Scale mail        |       |       |    39 |   143 |   221 |    67 ||   470
       Skin              |       |       |       |    17 |     3 |       ||    20
Dodge: Dodged            |    40 |    47 |   121 |   214 |   454 |   151 ||  1027
Block: Other             |       |     2 |    10 |    24 |   189 |    38 ||   263
       Reflection        |       |       |       |     2 |    12 |     1 ||    15
